Map: 2000 Atmospheres LE

Players

HeroMarine - Winner!

  • Race: Terran Terran
  • League: Master

MaxPax

  • Race: Protoss Protoss
  • League: Grandmaster

Event: DreamHack SC2 Masters 2021 Summer

VOD

Have the link to the VOD?

Description

Time

  • Played on: May 28, 2021, 2:58 p.m.
  • Length: 11:47

All games in this series

Show
View Real Time Build Order
Export as new Build Order

HeroMarine Terran - Winner!

Build Orders: Reaper Expand 

Get SALT Encoding   

  12  0:00  SCV  
  13  0:12  SCV  
  14  0:16  Supply Depot  
  14  0:25  SCV  
  15  0:38  SCV  
  15  0:39  Barracks  
  16  0:43  Refinery  
  16  0:50  SCV  
  17  1:02  SCV  
  18  1:14  SCV  
  19  1:26  Orbital Command, Reaper  
  20  1:42  Command Center  
  20  1:49  Supply Depot  
  20  1:52  SCV  
  21  1:58  Marine  
  22  2:04  SCV  
  23  2:09  Factory  
  23  2:14  Refinery  
  23  2:17  SCV  
  23  2:20  Barracks Reactor  
  24  2:29  SCV  
  25  2:41  SCV  
  26  2:53  SCV  
  26  2:54  Orbital Command  
  26  2:56  Hellion, Starport  
  26  2:58  Marine x2  
  29  3:05  SCV  
  32  3:16  Marine x2  
  32  3:17  SCV  
  32  3:18  Factory Tech Lab  
  35  3:20  SCV  
  35  3:23  Supply Depot  
  36  3:29  SCV  
  36  3:32  SCV  
  36  3:34  Marine x2  
  39  3:41  SCV  
  39  3:44  SCV  
  39  3:46  Factory Tech Lab  
  41  3:48  Raven  
  41  3:52  Marine x2  
  41  3:53  SCV  
  46  3:56  SCV  
  46  3:59  Barracks, Supply Depot  
  47  4:05  Siege Tank, SCV  
  47  4:09  SCV  
  52  4:11  Marine x2  
  52  4:12  Engineering Bay  
  54  4:20  Bunker, SCV  
  54  4:21  SCV  
  54  4:22  Supply Depot  
  56  4:36  Marine  
  56  4:37  Viking, Marine  
  62  4:40  Missile Turret  
  62  4:43  Siege Tank, Missile Turret  
  65  4:49  Marine  
  62  4:54  Marine, Supply Depot, SCV x2  
  62  4:56  Marine  
  68  5:07  Marine  
  68  5:10  Banshee  
  68  5:11  Supply Depot  
  70  5:15  Marine x2  
  70  5:16  Supply Depot  
  70  5:18  Siege Tank  
  75  5:23  Barracks  
  75  5:25  Marine  
  76  5:31  SCV  
  76  5:32  SCV  
  76  5:33  Marine x2  
  76  5:35  Refinery  
  74  5:43  SCV  
  74  5:44  SCV  
  76  5:51  Refinery, Marine x2  
  76  5:56  SCV x2  
  83  5:59  Terran Infantry Weapons Level 1  
  83  6:02  Stimpack  
  80  6:05  Marine  
  80  6:09  Marine x2  
  80  6:11  Barracks  
  83  6:15  Starport Reactor  
  83  6:18  Barracks  
  81  6:20  SCV x2  
  81  6:23  Marine  
  82  6:26  Marine  
  82  6:30  Marine x2  
  78  6:34  SCV x2  
  78  6:38  Combat Shield  
  77  6:42  Factory Reactor  
  77  6:44  Marine  
  78  6:47  Marauder  
  78  6:48  Marauder, Marine  
  78  6:52  Medivac  
  78  6:53  Medivac  
  87  6:54  Supply Depot  
  87  6:59  Barracks Reactor  
  84  7:03  Marine, Factory Tech Lab  
  84  7:05  Barracks Tech Lab, Marine  
  84  7:06  Barracks Tech Lab  
  86  7:14  Marauder x2  
  86  7:15  Supply Depot  
  90  7:21  Marine  
  90  7:22  Viking  
  93  7:23  Viking  
  93  7:24  Marauder  
  93  7:26  Marauder  
  99  7:30  Siege Tank, Supply Depot  
  99  7:36  Supply Depot  
  104  7:37  Concussive Shells, Marauder x2  
  104  7:43  Supply Depot  
  104  7:45  Marauder  
  104  7:46  Marine x2  
  104  7:48  Marauder  
  110  7:52  Viking  
  110  7:57  Viking  
  114  8:01  Marauder  
  114  8:02  Marauder  
  117  8:10  Marauder  
  117  8:11  Marauder  
  121  8:19  Marine x2  
  123  8:23  Marauder x2  
  123  8:24  Supply Depot  
  123  8:25  Viking  
  129  8:28  Viking  
  129  8:31  Marauder  
  128  8:34  Marauder  
  125  8:44  Marauder x2  
  125  8:53  Marauder  
  125  8:55  Viking  
  118  8:56  Marauder, Marine  
  118  9:02  Marine  
  120  9:06  Marauder x2  
  122  9:14  Medivac, Marauder  
  118  9:22  Marauder  
  118  9:23  Marine x2  
  117  9:25  Medivac  
  117  9:26  Marine  
  117  9:27  Marine  
  111  9:36  Marauder  
  109  9:41  Marine x2  
  109  9:42  Marine  
  109  9:44  Medivac, Marine x2  
  110  9:56  Siege Tank  
  110  9:57  Marauder  
  115  10:01  Marauder  
  115  10:03  Medivac  
  115  10:04  Marauder x2  
  123  10:11  Marine  
  123  10:13  Marine  
  125  10:14  Medivac  
  125  10:18  Marauder  
  129  10:22  Marine  
  129  10:25  Marauder  
  129  10:28  Siege Tank  
  135  10:29  Marine  
  135  10:30  Marine  
  135  10:33  Medivac  
  139  10:42  Marauder x2, Marine  
  144  10:46  Marine  
  143  10:53  Marine x2  
  140  11:00  Siege Tank, Marauder  
  140  11:03  Marauder, Marine  
  140  11:04  Marine  
  139  11:21  Marauder  
  139  11:22  Marauder x2  
  141  11:29  Marine  
Show
View Real Time Build Order
Export as new Build Order

MaxPax Protoss 

Build Orders: 1 Gate Expand, Zealot Archon, Archon Drop, Dark Templar Rush 

Get SALT Encoding   

  12  0:00  Probe  
  13  0:12  Probe  
  14  0:16  Pylon  
  14  0:24  Probe (Chrono Boost)  
  15  0:36  Probe (Chrono Boost), Gateway  
  16  0:43  Probe (Chrono Boost)  
  17  0:51  Probe  
  18  1:09  Nexus  
  18  1:13  Assimilator  
  18  1:17  Probe  
  19  1:26  Cybernetics Core  
  19  1:30  Probe  
  20  1:35  Assimilator  
  20  1:42  Probe (Chrono Boost)  
  20  1:45  Pylon  
  22  1:54  Probe (Chrono Boost)  
  22  2:00  Probe (Chrono Boost)  
  23  2:02  Adept (Chrono Boost)  
  23  2:06  Warp Gate  
  25  2:08  Probe  
  26  2:21  Probe (Chrono Boost)  
  28  2:24  Adept  
  28  2:25  Probe (Chrono Boost)  
  31  2:32  Probe (Chrono Boost)  
  31  2:35  Probe (Chrono Boost)  
  31  2:36  Twilight Council  
  31  2:37  Probe (Chrono Boost)  
  32  2:45  Probe  
  33  2:52  Robotics Facility, Probe  
  33  2:57  Probe  
  35  3:05  Probe  
  36  3:06  Gateway  
  36  3:09  Probe  
  37  3:17  Probe  
  37  3:18  Dark Shrine  
  38  3:21  Probe  
  38  3:24  Gateway  
  39  3:29  Probe  
  39  3:33  Probe  
  41  3:41  Probe  
  42  3:42  Warp Prism (Chrono Boost)  
  42  3:47  Probe  
  45  3:53  Probe  
  44  3:57  Assimilator  
  44  3:58  Pylon  
  44  3:59  Probe  
  45  4:10  Nexus  
  45  4:12  Assimilator, Probe  
  46  4:17  Probe  
  46  4:21  Pylon  
  47  4:33  Dark Templar x3  
  47  4:36  Probe  
  47  4:38  Probe  
  54  4:41  Blink (Chrono Boost)  
  54  4:50  Probe  
  54  4:51  Probe  
  56  5:02  Pylon  
  56  5:03  Probe x2  
  56  5:05  Shield Battery  
  56  5:06  Archon, Dark Templar  
  60  5:09  Stalker  
  60  5:12  Archon, Shield Battery  
  62  5:15  Pylon  
  62  5:20  Probe x2  
  64  5:21  Forge  
  64  5:23  Probe  
  64  5:26  Robotics Bay  
  65  5:32  Probe x2  
  65  5:35  Stalker x2, Probe  
  68  5:42  Immortal (Chrono Boost)  
  68  5:44  Probe  
  72  5:51  Stalker  
  72  5:54  Gateway  
  72  5:55  Pylon  
  73  5:58  Stalker x2  
  77  6:07  Shield Battery  
  77  6:11  Immortal (Chrono Boost)  
  79  6:24  Stalker x3  
  75  6:36  Probe  
  75  6:39  Colossus (Chrono Boost)  
  76  6:40  Gateway  
  76  6:41  Gateway  
  76  6:42  Probe  
  76  6:43  Probe  
  76  6:44  Gateway  
  84  6:48  Probe  
  85  6:55  Stalker, Probe x2  
  85  6:56  Stalker x2  
  93  7:02  Shield Battery  
  93  7:04  Charge (Chrono Boost), Protoss Ground Weapons Level 1, Pylon  
  93  7:12  Pylon  
  93  7:14  Pylon, Zealot  
  95  7:22  Colossus (Chrono Boost)  
  95  7:27  Pylon  
  101  7:38  Nexus  
  101  7:39  Gateway  
  101  7:41  Pylon  
  101  7:46  Extended Thermal Lance (Chrono Boost)  
  101  7:47  Zealot x3  
  107  8:05  Dark Templar x2  
  107  8:06  Zealot x2  
  107  8:09  Archon, Photon Cannon  
  107  8:12  Gateway  
  111  8:19  Photon Cannon  
  110  8:21  Pylon  
  110  8:27  Colossus  
  110  8:28  Zealot x4  
  110  8:29  Zealot  
  114  8:43  Zealot  
  114  8:44  Zealot x2  
  120  8:52  Zealot x3  
  112  8:59  Zealot  
  112  9:00  Zealot  
  106  9:06  Stalker x3  
  100  9:19  Zealot x5  
  100  9:20  Zealot  
  100  9:21  Colossus (Chrono Boost)  
  103  9:36  Sentry, Zealot  
  103  9:37  Zealot  
  95  9:42  Sentry, Dark Templar x2  
  95  9:43  Zealot x2  
  105  9:49  Archon  
  101  9:54  Zealot  
  103  10:02  Zealot x3  
  103  10:03  Zealot  
  110  10:14  Disruptor (Chrono Boost)  
  113  10:21  Dark Templar  
  113  10:22  Dark Templar  
  117  10:35  Nexus  
  117  10:38  Archon  
  115  10:47  Disruptor (Chrono Boost)  
  115  10:49  Zealot x2  
  100  10:58  Dark Templar x2  
  104  11:05  Archon  
  102  11:13  Disruptor (Chrono Boost)  
  81  11:27  Zealot x5  
  81  11:28  Zealot  
Tags
 
Add a new tag
Caveats
  • Supply blocks, unpowered buildings, or Contaminate may cause inaccurate times.
  • Supply counts are checked every 10 seconds.